Map: Moonlight Madness LE (Void)

Players

dipwood

  • Race: Protoss Protoss
  • League: Master

Plurmorant - Winner!

  • Race: Zerg Zerg
  • League: Master

Event: ASL Season 5 Prime League LOTV Beta

VOD

Have the link to the VOD?

Description

Time

  • Played on: Sept. 10, 2015, 9:11 p.m.
  • Length: 16:39

All games in this series

Show
View Real Time Build Order
Export as new Build Order

dipwood Protoss 

Build Orders:  

Get SALT Encoding   

  12  0:00  Probe (Chrono Boost)  
  13  0:10  Probe (Chrono Boost)  
  14  0:18  Pylon  
  14  0:23  Probe (Chrono Boost)  
  15  0:35  Probe (Chrono Boost)  
  15  0:38  Gateway  
  16  0:44  Assimilator  
  16  0:48  Probe (Chrono Boost)  
  17  0:58  Probe (Chrono Boost)  
  17  1:02  Gateway  
  18  1:08  Probe (Chrono Boost)  
  19  1:19  Probe (Chrono Boost)  
  19  1:25  Cybernetics Core  
  20  1:45  Nexus  
  20  1:54  Pylon  
  20  2:03  Adept (Chrono Boost)  
  22  2:11  Adept (Chrono Boost)  
  22  2:12  Mothership Core  
  26  2:18  Assimilator  
  26  2:21  Warp Gate (Chrono Boost)  
  26  2:33  Probe  
  27  2:45  Probe  
  27  2:47  Stalker  
  27  2:50  Pylon  
  30  3:06  Pylon  
  30  3:07  Pylon  
  30  3:11  Pylon  
  30  3:22  Probe  
  30  3:25  Robotics Facility  
  29  3:27  Pylon  
  29  3:40  Gateway  
  27  3:42  Gateway  
  27  3:45  Probe  
  27  3:46  Probe  
  29  3:57  Probe x2 (Chrono Boost)  
  31  4:09  Probe (Chrono Boost)  
  32  4:11  Warp Prism (Chrono Boost)  
  34  4:17  Probe, Adept  
  34  4:22  Adept  
  39  4:25  Probe  
  40  4:35  Adept  
  40  4:37  Adept  
  40  4:38  Probe  
  44  4:39  Probe  
  46  4:48  Probe  
  46  4:52  Probe  
  48  4:58  Probe  
  48  5:00  Immortal (Chrono Boost)  
  49  5:16  Gateway  
  49  5:18  Pylon  
  49  5:20  Probe  
  49  5:22  Probe  
  41  5:33  Immortal (Chrono Boost)  
  45  5:38  Sentry x3  
  45  5:39  Sentry  
  45  5:41  Probe  
  53  5:43  Probe  
  55  5:55  Pylon  
  55  6:07  Adept x4  
  63  6:11  Warp Prism (Chrono Boost)  
  65  6:27  Pylon  
  65  6:30  Adept x2  
  69  6:37  Pylon  
  69  6:40  Pylon  
  69  6:43  Pylon  
  69  6:50  Sentry x3  
  67  6:56  Adept x2  
  60  7:12  Observer (Chrono Boost)  
  61  7:28  Adept x3  
  61  7:29  Adept  
  67  7:46  Nexus  
  47  7:58  Sentry  
  47  7:59  Sentry, Zealot x2  
  53  8:13  Sentry  
  53  8:25  Adept x3  
  57  8:45  Adept x2  
  53  8:49  Adept  
  49  9:02  Adept  
  43  9:09  Adept  
  35  9:26  Probe  
  35  9:28  Probe  
  37  9:37  Sentry x2, Probe  
  41  9:40  Probe  
  43  9:47  Adept  
  43  9:48  Sentry  
  47  10:00  Adept  
  47  10:01  Adept  
  51  10:08  Adept  
  51  10:11  Adept  
  55  10:16  Adept  
  57  10:23  Adept  
  59  10:34  Adept x2  
  59  10:54  Adept x3  
  63  10:59  Sentry  
  63  11:01  Adept  
  61  11:13  Adept x2  
  61  11:16  Probe x2  
  67  11:19  Assimilator  
  67  11:28  Sentry  
  69  11:33  Probe x2  
  69  11:34  Assimilator  
  69  11:36  Adept  
  61  12:15  Probe x2, Stargate  
  63  12:27  Probe  
  64  12:34  Stalker  
  66  12:43  Adept x3  
  66  12:44  Adept  
  72  13:02  Zealot  
  73  13:07  Zealot x4  
  79  13:36  Fleet Beacon  
  79  13:40  Mothership Core (Chrono Boost)  
  81  13:47  Stalker  
  83  13:53  Pylon  
  83  13:55  Adept x3  
  85  13:56  Adept  
  85  14:02  Carrier (Chrono Boost)  
  91  14:23  Graviton Catapult (Chrono Boost)  
  83  14:29  Stargate  
  89  14:51  Carrier (Chrono Boost)  
  88  14:59  Nexus  
  92  15:28  Pylon  
  92  15:32  Stalker  
  93  15:37  Pylon  
  93  15:56  Sentry  
  93  15:57  Sentry x2  
  97  16:01  Pylon  
  97  16:05  Nexus  
  97  16:07  Pylon  
Show
View Real Time Build Order
Export as new Build Order

Plurmorant Zerg - Winner!

Build Orders: Hatch First, Lurkers 

Get SALT Encoding   

  12  0:00  Drone  
  13  0:13  Overlord  
  13  0:17  Drone  
  14  0:24  Drone, Extractor  
  15  0:31  Drone  
  15  0:35  Drone  
  17  0:52  Hatchery  
  16  1:05  Spawning Pool  
  16  1:08  Drone  
  16  1:10  Extractor  
  15  1:13  Drone  
  15  1:17  Drone  
  17  1:21  Drone  
  18  1:31  Overlord  
  18  1:51  Queen  
  18  1:52  Zergling x4  
  22  2:02  Drone  
  22  2:04  Queen  
  22  2:05  Drone  
  26  2:14  Drone  
  27  2:18  Drone  
  28  2:23  Drone  
  28  2:26  Drone  
  28  2:29  Lair, Extractor  
  29  2:34  Drone  
  30  2:37  Drone  
  31  2:45  Drone  
  31  2:48  Overlord  
  32  2:56  Zergling x2  
  32  3:06  Zergling x2  
  32  3:07  Zergling x2  
  32  3:08  Zergling x4  
  32  3:10  Zergling x2  
  34  3:25  Drone  
  32  3:27  Drone x3  
  32  3:29  Drone  
  32  3:31  Drone x2  
  37  3:34  Drone  
  37  3:37  Drone  
  39  3:45  Metabolic Boost  
  40  3:48  Drone  
  40  3:52  Drone  
  41  3:56  Overlord  
  41  3:59  Drone  
  42  4:03  Drone  
  42  4:04  Drone  
  44  4:10  Hydralisk Den  
  44  4:12  Drone  
  44  4:14  Overlord  
  44  4:19  Drone x2  
  46  4:26  Drone x2  
  46  4:30  Overlord  
  46  4:31  Drone  
  49  4:35  Drone x2  
  51  4:40  Muscular Augments  
  51  4:43  Hydralisk  
  53  4:48  Overlord  
  53  4:51  Hydralisk  
  55  4:54  Hydralisk  
  55  4:57  Hydralisk  
  55  4:59  Hydralisk  
  58  5:06  Hydralisk  
  60  5:08  Hydralisk  
  60  5:13  Hydralisk x2  
  67  5:16  Hydralisk  
  67  5:20  Overlord  
  69  5:21  Hydralisk  
  71  5:33  Drone  
  72  5:39  Overlord  
  72  5:40  Drone  
  72  5:41  Hatchery  
  72  5:43  Drone x2  
  72  5:46  Hydralisk  
  72  5:47  Hydralisk  
  78  5:52  Hydralisk  
  78  5:54  Drone, Extractor x2  
  78  5:57  Hydralisk  
  80  6:05  Overlord  
  80  6:08  Overlord x2  
  80  6:10  Hydralisk  
  82  6:13  Hydralisk  
  83  6:22  Overlord x2  
  83  6:24  Hydralisk  
  83  6:25  Drone  
  81  6:28  Drone  
  81  6:29  Drone  
  83  6:34  Drone  
  83  6:36  Roach Warren  
  83  6:38  Drone  
  84  6:40  Drone  
  84  6:43  Drone x2  
  84  6:44  Drone  
  84  6:46  Drone  
  89  6:50  Hydralisk  
  91  6:59  Hydralisk x2  
  91  7:00  Hydralisk x2  
  97  7:04  Zergling x2  
  88  7:08  Hydralisk  
  88  7:09  Hydralisk  
  88  7:11  Zergling x2  
  88  7:12  Hydralisk  
  85  7:17  Roach x2  
  85  7:19  Roach  
  85  7:22  Roach  
  93  7:24  Roach  
  93  7:25  Roach  
  93  7:28  Roach  
  93  7:29  Roach  
  91  7:32  Roach  
  91  7:36  Roach  
  95  7:37  Roach x2  
  95  7:44  Roach  
  101  7:45  Roach  
  101  7:50  Roach  
  93  7:54  Roach  
  93  7:55  Roach x3  
  93  7:56  Roach  
  93  8:00  Roach  
  93  8:02  Roach  
  95  8:06  Roach  
  95  8:09  Roach  
  95  8:12  Roach  
  101  8:14  Roach  
  97  8:21  Roach  
  97  8:24  Roach  
  97  8:31  Hydralisk  
  99  8:36  Roach  
  93  8:45  Roach  
  93  8:46  Roach  
  93  8:47  Hydralisk, Roach  
  91  8:52  Hydralisk  
  85  8:57  Hydralisk  
  85  9:00  Hydralisk  
  79  9:05  Roach, Zergling x2  
  79  9:06  Zergling x2  
  79  9:07  Zergling x2  
  79  9:09  Hydralisk  
  80  9:15  Hydralisk  
  79  9:18  Hydralisk  
  79  9:23  Roach  
  78  9:27  Roach x2  
  78  9:28  Roach  
  84  9:32  Roach  
  84  9:34  Overlord  
  84  9:36  Extractor, Queen  
  84  9:37  Roach  
  89  9:40  Drone  
  89  9:41  Drone  
  89  9:44  Glial Reconstitution  
  91  9:46  Drone x2  
  91  9:49  Hydralisk  
  96  9:52  Drone  
  96  9:53  Drone  
  96  9:54  Drone  
  96  9:58  Lurker Den  
  98  10:02  Drone  
  98  10:04  Drone x2  
  101  10:14  Roach x3  
  101  10:15  Extractor  
  106  10:23  Roach  
  106  10:24  Roach x2  
  106  10:25  Roach  
  106  10:27  Roach x2  
  118  10:32  Overlord  
  118  10:33  Overlord  
  118  10:38  Roach x2  
  109  10:50  Roach  
  109  10:51  Roach  
  109  10:54  Hydralisk x2  
  115  10:57  Roach  
  115  10:58  Roach  
  115  10:59  Hydralisk  
  115  11:03  Roach  
  115  11:04  Roach  
  123  11:09  Queen  
  125  11:13  Overlord  
  123  11:24  Lurker x3  
  127  11:25  Lurker x2  
  127  11:26  Roach  
  127  11:27  Roach  
  127  11:29  Roach  
  127  11:31  Roach  
  136  11:35  Roach  
  136  11:36  Roach  
  136  11:39  Roach x2  
  136  11:48  Roach  
  136  11:50  Roach x2  
  142  11:58  Roach x3  
  146  12:04  Overlord x2  
  146  12:08  Overlord x2  
  144  12:16  Roach  
  144  12:17  Spore Crawler  
  144  12:19  Spore Crawler x2  
  144  12:21  Hydralisk  
  145  12:26  Roach  
  147  12:30  Roach  
  147  12:31  Roach  
  147  12:35  Hatchery  
  150  12:42  Hydralisk x2  
  150  12:43  Roach  
  156  12:53  Roach  
  158  13:07  Roach  
  158  13:09  Roach x2  
  164  13:15  Roach x3  
  164  13:16  Roach  
  164  13:18  Hydralisk x2  
  164  13:19  Hydralisk  
  175  13:21  Overlord x2  
  175  13:27  Overlord  
  175  13:41  Drone  
  175  13:42  Drone  
  177  13:48  Hydralisk  
  177  13:49  Hydralisk  
  181  13:59  Spine Crawler  
  181  14:01  Spine Crawler  
  179  14:03  Roach  
  179  14:08  Roach x2  
  185  14:11  Roach  
  185  14:13  Roach  
  189  14:21  Roach  
  191  14:26  Overlord  
  191  14:30  Extractor x2  
  189  14:35  Roach  
  189  14:43  Overlord, Roach  
  191  14:46  Overlord  
  191  14:54  Roach  
  191  14:55  Roach x2  
  191  14:56  Roach  
  199  15:09  Infestation Pit  
  199  15:12  Evolution Chamber  
  199  15:13  Evolution Chamber  
  196  15:17  Queen  
  196  15:18  Spine Crawler  
  197  15:35  Pneumatized Carapace  
  197  15:39  Spire  
  193  16:13  Hydralisk x5  
  193  16:14  Hydralisk  
Tags
 
Add a new tag
Caveats
  • Supply blocks, unpowered buildings, or Contaminate may cause inaccurate times.
  • Supply counts are checked every 10 seconds.